 Dungeon Crawl Stone Soup version 0.28-a0-1190-g77e1c55843 (webtiles) character file.

Game seed: 12673387861142316472

198 Turgor the Chiller (level 5, -8/42 HPs)
             Began as a Naga Ice Elementalist on Dec 19, 2021.
             Mangled by an ogre (29 damage)
             ... on level 4 of the Dungeon.
             The game lasted 00:27:40 (2857 turns).

Turgor the Chiller (Naga Ice Elementalist)          Turns: 2857, Time: 00:27:41

Health: -8/42      AC:  3    Str: 10    XL:     5   Next: 77%
Magic:  4/10       EV: 10    Int: 17    God:
Gold:   152        SH:  5    Dex: 12    Spells: 4/11 levels left

rFire   . . .      SeeInvis +   r - +0 dagger (drain)
rCold   . . .      Faith    .   (no shield)
rNeg    . . .      Spirit   .   a - +0 robe
rPois   +          Reflect  +   (no helmet)
rElec   .          Harm     .   u - +0 cloak
rCorr   .          Rampage  .   (no gloves)
Will    .....                   (no barding)
Stlth   ++........              e - amulet of reflection
HPRegen 0.14/turn               (no ring)
MPRegen 0.12/turn               (no ring)

@: freezing walls, very slow
A: AC +1, large, see invisible, deformed body, poison resistance, slowness 2,
spit poison 1, naga tail 1
a: Spit Poison


You were on level 4 of the Dungeon.
You visited 1 branch of the dungeon, and saw 4 of its levels.

You collected 152 gold pieces.

Inventory:

Hand Weapons
 c - a +0 hunting sling
 r - a +0 dagger of draining (weapon)
Missiles
 f - 5 silver javelins
 w - 23 sling bullets
Armour
 a - a +0 robe (worn)
 u - a +0 cloak (worn)
Jewellery
 e - an amulet of reflection (around neck)
Wands
 n - a wand of flame (17)
 v - a wand of acid (5)
Scrolls
 i - a scroll of magic mapping {unknown}
 j - a scroll of enchant armour {unknown}
 k - a scroll of torment {unknown}
 l - a scroll of blinking {unknown}
 o - 3 scrolls of fog {unknown}
 t - a scroll of identify {unknown}
Potions
 b - 2 potions of magic {unknown}
 d - a potion of might {unknown}
 g - 4 potions of flight {unknown}
 m - a potion of heal wounds {unknown}
 p - 2 potions of degeneration {unknown}
 q - a potion of haste {unknown}
 s - 2 potions of berserk rage {unknown}


   Skills:
 - Level 1.5 Dodging
 - Level 3.0 Stealth
 + Level 3.8 Spellcasting
 * Level 5.7 Ice Magic


You had 4 spell levels left.
You knew the following spells:

 Your Spells              Type           Power      Damage    Failure   Level
a - Freeze                Ice            88%        1d10      1%          1
b - Frozen Ramparts       Ice            44%        1d6       4%          3
c - Ozocubu's Armour      Ice            22%        N/A       4%          3

Your spell library contained the following spells:

 Spells                   Type           Power      Damage    Failure   Level
 Static Discharge         Conj/Air       3%         N/A       24%         2
 Conjure Flame            Conj/Fire      3%         6-21      43%         3
 Dazzling Flash           Conj/Hex       6%         N/A       43%         3
 Ignite Poison            Fire/Tmut/Pois 3%         N/A       43%         3
 Hailstorm                Conj/Ice       13%        3d5       43%         4
 Iskenderun's Mystic Bla  Conj/Tloc      3%         2d3       85%         4
 Sticky Flame             Conj/Fire      3%         2d3       85%         4
 Lightning Bolt           Conj/Air       1%         1d12      99%         5
 Starburst                Conj/Fire      1%         6d3       100%        6
 Maxwell's Capacitive Co  Air            1%         ∞         100%        8


Dungeon Overview and Level Annotations

Branches:
Dungeon (4/15)
 Temple: D:4-7

Altars:
Makhleb

Shops:
D:2 =


Innate Abilities, Weirdness & Mutations

Your serpentine skin is tough. (AC +1)
You have supernaturally acute eyesight. (SInv)
Armour fits poorly on your strangely shaped body.
Your system is resistant to poisons. (rPois)
You cover ground very slowly.
You can spit poison.
You have a snake-like lower body.


Message History

Casting: Frozen Ramparts (dangerous; 4% risk of failure)
Confirm with . or Enter, or press ? or * to list all spells.
Casting: Frozen Ramparts (dangerous; 4% risk of failure)
Press: ? - help, Dir - look around, f - activate The walls around you are covered in ice.
The wall freezes the adder.
The adder seems to slow down.
The wall freezes the giant cockroach.
You kill the giant cockroach!
The wall freezes the adder!
Casting: Frozen Ramparts (dangerous; 4% risk of failure)
Confirm with . or Enter, or press ? or * to list all spells.
Aiming: Freeze (safe; 1% risk of failure)
Press: ? - help, Shift-Dir - straight line, f - ogre
Aim: an ogre, wielding a +0 giant club You freeze the ogre.
The ogre is lightly wounded.
The wall freezes the ogre.
The ogre hits you with a +0 giant club!!
The wall freezes the adder.
You kill the adder!
Casting: Freeze (safe; 1% risk of failure)
Confirm with . or Enter, or press ? or * to list all spells.
Aiming: Freeze (safe; 1% risk of failure)
Press: ? - help, Shift-Dir - straight line, f/p - ogre
Aim: an ogre, wielding a +0 giant club (moderately wounded)
You freeze the ogre!
The ogre is heavily wounded.
The orc shouts!
The wall freezes the ogre.
The ogre closely misses you.
Casting: Freeze (safe; 1% risk of failure)
Confirm with . or Enter, or press ? or * to list all spells.
Aiming: Freeze (safe; 1% risk of failure)
Press: ? - help, Shift-Dir - straight line, f/p - ogre
Aim: an ogre, wielding a +0 giant club (severely wounded)
You freeze the ogre.
The ogre is severely wounded.
The wall freezes the ogre.
The ogre hits you with a +0 giant club!!
Ouch! That really hurt!
You die...

..# #...........# #.#
#...........# ## #.#
###...........# .. #.#
#.'...........#
####.##.#####.#####.......#
......S......## .##.......
###.##.###### ... ##.....#
#†#####..... #.....#
#.†O@....o_. #.....#
#..####..... ####### ......
... ...##..## . ## #..#
#... .... ....


You could see an ogre and an orc.

Vanquished Creatures
  Crazy Yiuf (D:3)
  Jessica (D:2)
  An orc wizard (D:4)
  A gnoll (D:1)
  6 adders
  2 dart slugs
  3 orcs (D:4)
  3 ball pythons
  7 endoplasms
  3 giant cockroaches
  2 goblins
  7 hobgoblins
  A quokka (D:2)
  5 bats
  2 frilled lizards (D:3)
  3 kobolds
  4 rats
52 creatures vanquished.

Vanquished Creatures (others)
  3 plants (D:1)
3 creatures vanquished.

Grand Total: 55 creatures vanquished

Notes
Turn   | Place    | Note
-------+----------+-------------------------------------------
     0 | D:1      | Turgor the Naga Ice Elementalist began the quest for the
                  | Orb.
     0 | D:1      | Reached XP level 1. HP: 15/15 MP: 3/3
   214 | D:1      | Reached XP level 2. HP: 22/22 MP: 1/5
   758 | D:1      | Reached XP level 3. HP: 15/28 MP: 2/7
  1006 | D:2      | Found Mehi's Jewellery Shoppe.
  1289 | D:2      | Learned a level 3 spell: Frozen Ramparts
  1293 | D:2      | Learned a level 3 spell: Ozocubu's Armour
  1333 | D:2      | Noticed Jessica
  1737 | D:2      | Killed Jessica
  1738 | D:2      | Reached XP level 4. HP: 36/36 MP: 4/8
  1799 | D:2      | Reached skill level 5 in Ice Magic
  2167 | D:3      | Found a faded altar of an unknown god.
  2432 | D:3      | Found a runed translucent door.
  2433 | D:3      | Noticed Crazy Yiuf
  2441 | D:3      | Killed Crazy Yiuf
  2442 | D:3      | Reached XP level 5. HP: 42/42 MP: 6/10
  2691 | D:4      | Noticed an ogre
  2852 | D:4      | Found a burning altar of Makhleb.
  2857 | D:4      | Mangled by an ogre

Illustrated notes

Levels and vault maps discovered:
D:1:      psy_arrival_basics, layout_loops_ring, nicolae_grassy_gnolls
D:2:      layout_basic, serial_shops, nicolae_shop_waterfront, uniq_jessica
D:3:      layout_rooms, shapermc_ecumenical_altar_venn, uniq_crazy_yiuf_cottage
D:4:      minmay_thinvault, layout_basic, nicolae_ru_awakened_eye,
          mainiacjoe_overflow_tiny_flanked, lemuel_round_altar,
          portal_sewer_entry_d, uniq_pikel, uniq_robin

Skill      XL: |  1  2  3  4 |
---------------+-------------+-----
Spellcasting   | 3 |  3.8
Ice Magic      | 5 |  5.7
Dodging        | |  1.5
Stealth        | |  3.0

Action                   |  1- 3 |  4- 6 || total
-------------------------+-------+-------++-------
Melee: Dagger            |     1 |    15 ||    16
 Fire: Hunting sling     |    31 |    16 ||    47
 Cast: Freeze            |    21 |    12 ||    33
       Frozen Ramparts   |     1 |    12 ||    13
       Ozocubu's Armour  |       |     1 ||     1
 Stab: Sleeping          |     1 |     1 ||     2
Armor: Robe              |     5 |     3 ||     8
Dodge: Dodged            |     6 |     6 ||    12
Block: Other             |     5 |     6 ||    11
       Reflection        |     2 |       ||     2

Table legend: (Time is in decaauts)
 A = Elapsed time spent in this place.
 B = Non-inter-level travel time spent in this place.
 C = Inter-level travel time spent in this place.
 D = Time resting spent in this place.
 E = Time spent auto-exploring this place.
 F = Levels seen in this place.
 G = Mean time per level.
                   A        B        C        D        E       F      G
               +--------+--------+--------+--------+--------+-----+--------+
         Total |   3627 |   3436 |    191 |    533 |   1141 |   4 |  906.8 |
       Dungeon |   3627 |   3436 |    191 |    533 |   1141 |   4 |  906.8 |
               +--------+--------+--------+--------+--------+-----+--------+

Top non-repeatable levels by time:
     D:1: 1500 daAuts
     D:2: 946 daAuts
     D:3: 857 daAuts
     D:4: 323 daAuts
